AoeStats
← J-Mo

Black Forest

503277014Analyzed
2v2 RM · 10d ago on Aug 30, 2026· 94m 28s· 4 players
Game mode
Random Map
Map size
Medium (4 player)
Population
200
Speed
Normal
Resources
Standard
Victory
Conquest
Starting age
Dark Age
Ending age
Imperial Age
RankedLock teamsTeams togetherTeam positionsShared explorationLock speedFull tech treeHidden civsTurbo modeCheats
Victory
Defeat
🇧🇷 Wei · Brazil
814
+13
🇧🇷 Wu · Brazil
790
+15
🇺🇸 Shu · United States
762
-14
🇲🇽 Vietnamese · Mexico
757
-14
J-Mo
3:11 Loom
12:53 Feudal Age
15:32 Double-Bit Axe
15:30 Horse Collar
18:20 Castle Age
18:51 Wheelbarrow
19:40 Forging
19:22 Fletching
19:32 Padded Archer Armor
20:41 Scale Mail Armor
23:23 Bow Saw
25:06 Chain Mail Armor
24:48 Bodkin Arrow
25:09 Leather Archer Armor
25:21 Heavy Plow
25:12 Pikeman
26:10 Gold Mining
27:33 Stone Mining
27:29 Elite Skirmisher
28:43 Caravan
28:55 Scale Barding Armor
28:57 Man-at-Arms
29:38 Squires
30:07 Chain Barding Armor
31:47 Husbandry
34:14 Hand Cart
34:15 Coiled Serpent Array
37:53 Imperial Age
38:35 Gold Shaft Mining
38:16 Heavy Hei Guang Cavalry
40:47 Plate Mail Armor
44:08 Halberdier
52:10 Halberdier
52:14 Imperial Skirmisher
Hackerman
6:31 Loom
13:03 Feudal Age
13:52 Double-Bit Axe
20:06 Horse Collar
20:19 Gold Mining
20:22 Stone Mining
22:56 Castle Age
20:52 Fletching
21:03 Scale Mail Armor
24:05 Bow Saw
24:54 Pikeman
25:35 Squires
25:33 Bodkin Arrow
25:44 Scale Barding Armor
25:50 Forging
26:56 Heavy Plow
27:26 Town Watch
28:23 Wheelbarrow
30:31 Arson
31:45 Iron Casting
31:11 Padded Archer Armor
31:59 Caravan
34:24 Town Patrol
37:50 Hand Cart
37:45 Chatras
42:16 Imperial Age
40:42 Chain Barding Armor
40:38 Chain Mail Armor
40:39 Leather Archer Armor
43:52 Hoardings
42:38 Elite Rattan Archer
43:41 Paper Money
42:51 Halberdier
43:37 Bracer
44:08 Plate Mail Armor
44:01 Thumb Ring
43:17 Crossbowman
43:19 Elite Skirmisher
45:40 Ring Archer Armor
45:18 Imperial Skirmisher
50:10 Plate Barding Armor
58:49 Elite Battle Elephant
59:30 Husbandry
59:40 Bloodlines
68:03 Light Cavalry
_Kidin.-.
0:38 Loom
12:39 Feudal Age
19:24 Castle Age
23:43 Gold Mining
28:41 Imperial Age
30:43 Conscription
30:32 Sitting Tiger
30:53 Double-Bit Axe
31:05 Arson
31:22 Squires
32:49 Bow Saw
32:07 Elite Fire Archer
34:58 Caravan
37:26 Fletching
37:36 Padded Archer Armor
40:56 Ballistics
41:37 Chemistry
40:19 Treadmill Crane
40:43 Bodkin Arrow
48:08 Forging
47:58 Scale Mail Armor
50:08 Man-at-Arms
52:48 Long Swordsman
53:36 Two-Handed Swordsman
58:06 Elite Skirmisher
59:33 Horse Collar
60:56 Two-Man Saw
59:58 Bracer
60:18 Leather Archer Armor
60:44 Champion
64:40 Pikeman
68:19 Masonry
80:26 Halberdier
88:22 Heavy Scorpion
gU$
1:35 Loom
12:45 Feudal Age
14:47 Double-Bit Axe
14:44 Horse Collar
17:59 Castle Age
16:43 Stone Mining
16:47 Gold Mining
19:15 Bow Saw
21:12 Wheelbarrow
22:39 Tuntian
23:06 Heavy Plow
25:19 Town Watch
26:26 Scale Barding Armor
29:22 Forging
34:34 Imperial Age
33:28 Hand Cart
33:15 Town Patrol
34:26 Gold Shaft Mining
35:48 Parthian Tactics
36:10 Conscription
36:56 Crop Rotation
37:49 Masonry
38:42 Chemistry
38:03 Ballistics
38:42 Stone Shaft Mining
38:49 Iron Casting
38:06 Fletching
38:16 Padded Archer Armor
38:36 Chain Barding Armor
38:17 Scale Mail Armor
39:20 Thumb Ring
39:38 Elite Tiger Cavalry
46:40 Treadmill Crane
49:28 Caravan
51:51 Ming Guang Armor
54:27 Blast Furnace
53:48 Chain Mail Armor
69:51 Bodkin Arrow
70:11 Leather Archer Armor
76:37 Fortified Wall
85:24 Ring Archer Armor
85:09 Bracer
92:21 Spies/Treason
Connection lost

Rejoining the realm…

Still unreachable

The connection could not be restored.

Session expired

The server has moved on; the page needs a fresh start.